 Dungeon Crawl Stone Soup version 0.28.0-47-ge53b351184 (webtiles) character file.

Game seed: 8424854273885707682

74 GilGalad the Skirmisher (level 4, 0/40 HPs)
             Began as a Draconian Berserker on Apr 27, 2022.
             Was a Believer of Trog.
             Killed by divine providence
             ... invoked by an orc priest
              (14 damage)
             ... on level 3 of the Dungeon.
             The game lasted 00:04:47 (1873 turns).

GilGalad the Skirmisher (Draconian Berserker)       Turns: 1873, Time: 00:04:48

Health: 0/40       AC: 10    Str: 21    XL:     4   Next: 10%
Magic:  4/4        EV: 12    Int:  7    God:    Trog [**....]
Gold:   23         SH:  0    Dex: 11    Spells: 3/3 levels left

rFire   . . .      SeeInvis .   a - +0 hand axe
rCold   . . .      Faith    .   (no shield)
rNeg    . . .      Spirit   .   (armour unavailable)
rPois   .          Reflect  .   (helmet restricted)
rElec   .          Harm     .   (no cloak)
rCorr   .          Rampage  .   (no gloves)
Will    .....                   e - +0 pair of boots
Stlth   +.........              (no amulet)
HPRegen 0.13/turn               f - +4 ring of protection
MPRegen 0.09/turn               (no ring)

@: no status effects
A: AC +5, unfitting armour, cold-blooded
a: Renounce Religion, Berserk, Trog's Hand


You were on level 3 of the Dungeon.
You worshipped Trog.
Trog was pleased with you.
You visited 1 branch of the dungeon, and saw 3 of its levels.

You collected 23 gold pieces.

Inventory:

Hand Weapons
 a - a +0 hand axe (weapon)
Armour
 e - a +0 pair of boots (worn)
Jewellery
 c - a ring of magical power
 f - a +4 ring of protection (left hand)
Scrolls
 b - 2 scrolls of identify {unknown}
 h - a scroll of teleportation {unknown}
 i - a scroll of fog {unknown}
Potions
 d - a potion of curing {unknown}
 g - a potion of ambrosia {unknown}


   Skills:
 + Level 4.1 Fighting
 + Level 3.7 Axes
 + Level 3.4 Dodging


You had 3 spell levels left.
You didn't know any spells.
Your spell library was empty.

Dungeon Overview and Level Annotations

Branches:
Dungeon (2/15)

Altars:
The Shining One


Innate Abilities, Weirdness & Mutations

Your plain brown scales are hard. (AC +5)
You cannot fit into any form of body armour.
You are cold-blooded and may be slowed by cold attacks.


Message History

The crimson imp hits you but does no damage.
The ogre hits you with a +0 giant spiked club!
The crimson imp blinks!
An orc priest comes into view. It is wielding a +0 mace.
An orc comes into view. It is wielding a +0 flail.
The orc priest shouts!
The crimson imp blinks!
The orc moves out of view.
An orc comes into view. It is wielding a +0 trident.
The orc priest looks braver for a moment.
A goblin comes into view. It is wielding a +0 club.
The goblin shouts!
The orc shouts!
An orc comes into view. It is wielding a +0 flail.
The goblin hits you but does no damage. The goblin hits you but does no damage.
The orc shouts!
You hear a shout!
The orc priest invokes the aid of Beogh against you.
Beogh smites you! The kobold zombie barely misses you.
The crimson imp closely misses you.
The kobold zombie hits you but does no damage.
Found a hand axe.
A ball python comes into view.
The ball python bites you but does no damage.
The ball python grabs you. The ball python constricts you.
You hit the ball python.
You kill the ball python!
Trog accepts your kill.
You miss the crimson imp.
The orc priest casts a cantrip, but nothing happens.
The crimson imp hits you but does no damage.
You hear a shout!
Found a book of Necromancy.
The crimson imp blinks!
The crimson imp blinks!
The ogre hits you with a +0 giant spiked club.
* * * LOW HITPOINT WARNING * * *
Found 18 bolts.
You see here 18 bolts.
Found 12 gold pieces.
The orc priest mumbles some strange prayers to Beogh against you.
Beogh smites you!
You die...

#### ..# #.#### .#
#.... .).
#########..# #.#
.......@#..######.#
#######...o.....#.#
#.:O...##.#.#
#..#.#.##.#.######
#.o#.#o##g........
#...$#.####o######
##.###5####.## #.#
#gZ.##..##### #g#
#.#....ZZ..oo


You could see an ogre, an orc priest and an orc.

Vanquished Creatures
  A gnoll (D:1)
  A dart slug (D:1)
  6 endoplasms
  3 giant cockroaches (D:1)
  4 hobgoblins (D:1)
  9 jackals (D:1)
  5 kobolds
  4 quokkas (D:1)
  7 ball pythons
  2 bats (D:1)
  A frilled lizard (D:1)
  3 goblins (D:1)
  A goblin zombie (D:3)
  A hobgoblin zombie (D:3)
  A kobold skeleton (D:3)
  7 rats
56 creatures vanquished.

Notes
Turn   | Place    | Note
-------+----------+-------------------------------------------
     0 | D:1      | GilGalad the Draconian Berserker began the quest for the
                  | Orb.
     0 | D:1      | Reached XP level 1. HP: 19/19 MP: 1/1
   169 | D:1      | Reached XP level 2. HP: 18/26 MP: 2/2
   772 | D:1      | Reached XP level 3. HP: 32/33 MP: 3/3
  1195 | D:1      | Reached ** piety under Trog
  1242 | D:1      | Reached skill level 4 in Fighting
  1724 | D:2      | Reached XP level 4. HP: 40/40 MP: 4/4
  1797 | D:2      | You fall into a shaft and drop 1 floor!
  1797 | D:3      | Found a glowing golden altar of the Shining One.
  1800 | D:3      | Noticed an ogre
  1873 | D:3      | Killed from afar by an orc priest

Illustrated notes

Levels and vault maps discovered:
D:1:      evilmike_arrival_plus, layout_loops_corners, minmay_hexomino_c4
D:2:      layout_basic
D:3:      layout_loops_ring, nicolae_tso_besieged_by_evil,
          shapermc_ecumenical_altar_mp_highgroup, hangedman_decor_riveting,
          glass_columns_a, uniq_ijyb

Skill      XL: |  1  2  3 |
---------------+----------+-----
Dodging        | 3 |  3.4
Fighting       | 4 |  4.1
Axes           | |  3.7

Action                   |  1- 3 |  4- 6 || total
-------------------------+-------+-------++-------
Melee: Hand axe          |   174 |    15 ||   189
       Tailslap          |    18 |     1 ||    19
       Punch             |     4 |       ||     4
Invok: Berserk           |     1 |       ||     1
 Stab: Sleeping          |     1 |       ||     1
Armor: Skin              |    43 |     8 ||    51
Dodge: Dodged            |   115 |    14 ||   129
